 Dungeon Crawl Stone Soup version 0.30-a0-586-g23e55c9e0a (webtiles) character file.

Game seed: 16471122610793675222

59 OTABOTABOTAB the Insei (level 4, -2/34 HPs)
             Began as a Gnoll Transmuter on Jan 4, 2023.
             Killed by divine providence
             ... invoked by an orc priest
              (13 damage)
             ... on level 3 of the Dungeon.
             The game lasted 00:03:08 (2201 turns).

OTABOTABOTAB the Insei (Gnoll Transmuter)           Turns: 2201, Time: 00:03:09

Health: -2/34      AC:  2    Str: 15    XL:     4   Next: 3%
Magic:  11/11      EV: 13    Int: 14    God:
Gold:   180        SH:  0    Dex: 13    Spells: 7/13 levels left

rFire   . . .      SeeInvis .      - Unarmed
rCold   . . .      Faith    .    (no shield)
rNeg    . . .      Spirit   .    a - +0 robe
rPois   .          Reflect  .    (helmet currently unavailable)
rElec   .          Harm     .    (no cloak)
rCorr   .          Rampage  .    (no gloves)
Will    .....                    (boots currently unavailable)
Stlth   ++                       j - amulet of magic regeneration
HPRegen 0.25/turn                r - +6 ring of strength
MPRegen 0.52/turn                (no ring)

@: appendages (expiring), wereblooded
A: horns 2, talons 2, fangs 1, strong nose, distributed training
a: End Transformation


You were on level 3 of the Dungeon.
You had temporarily grown beastly horns and talons.
You visited 1 branch of the dungeon, and saw 3 of its levels.

You collected 180 gold pieces.

Inventory:

Missiles
 c - 5 poisoned darts
 s - 11 stones
Armour
 a - a +0 robe (worn)
Jewellery
 j - an amulet of magic regeneration (around neck)
   (You found it on level 2 of the Dungeon)
 r - a +6 ring of strength (left hand)
   (You found it on level 3 of the Dungeon)
Scrolls
 d - 7 scrolls of identify {unknown}
 f - a scroll of fear {unknown}
 g - 2 scrolls of silence {unknown}
 i - a scroll of teleportation {unknown}
 l - a scroll of blinking {unknown}
 n - a scroll of noise {unknown}
 o - a scroll of fog {unknown}
 q - a scroll of vulnerability {unknown}
Potions
 b - a potion of ambrosia {unknown}
 e - 2 potions of degeneration {unknown}
 h - 2 potions of might {unknown}
 k - a potion of curing {unknown}
 m - a potion of heal wounds {unknown}
 p - a potion of resistance {unknown}
 P - 2 potions of lignification {!q}


   Skills:
 + Level 2.7 Fighting
 + Level 1.0 Short Blades
 + Level 1.0 Long Blades
 + Level 1.0 Axes
 + Level 1.0 Maces & Flails
 + Level 1.0 Polearms
 + Level 1.0 Staves
 + Level 1.0 Ranged Weapons
 + Level 1.0 Throwing
 + Level 1.0 Armour
 + Level 4.6 Dodging
 + Level 1.0 Stealth
 + Level 1.0 Shields
 + Level 6.6 Unarmed Combat
 + Level 5.0 Spellcasting
 + Level 0.8 Conjurations
 + Level 0.8 Hexes
 + Level 0.8 Summonings
 + Level 0.8 Necromancy
 + Level 0.8 Translocations
 + Level 3.8 Transmutations
 + Level 0.8 Fire Magic
 + Level 0.8 Ice Magic
 + Level 0.8 Air Magic
 + Level 0.8 Earth Magic
 + Level 0.8 Poison Magic
 + Level 1.1 Invocations
 + Level 1.0 Evocations


You had 7 spell levels left.
You knew the following spells:

 Your Spells              Type           Power      Damage    Failure   Level
a - Beastly Appendage     Tmut           28%        N/A       3%          1
b - Wereblood             Tmut           14%        N/A       5%          2
c - Spider Form           Tmut/Pois      10%        N/A       21%         3

Your spell library contained the following spells:

 Spells                   Type           Power      Damage    Failure   Level
 Shock                    Conj/Air       20%        1d4       12%         1
 Cigotuvi's Dreadful Rot  Necr/Pois/Air  10%        N/A       19%         2
 Poisonous Vapours        Pois/Air       10%        N/A       19%         2
 Mephitic Cloud           Conj/Pois/Air  5%         N/A       36%         3
 Swiftness                Air            5%         N/A       36%         3
 Vhi's Electric Charge    Tloc/Air       10%        N/A       36%         3
 Ice Form                 Ice/Tmut       10%        N/A       54%         4
 Airstrike                Air            2%         2d(1-17)  77%         4
 Arcjolt                  Conj/Air       2%         1d12      98%         5
 Maxwell's Capacitive Co  Air            2%         ∞         100%        8


Dungeon Overview and Level Annotations

Branches:
Dungeon (3/15)

Altars:
Gozag
Kikubaaqudgha
Zin

Shops:
D:3 *


Innate Abilities, Weirdness & Mutations

You have temporarily grown beastly horns and talons.
You have very sharp teeth.
Your uncanny sense of smell can sniff out nearby items.
Your experience applies equally to all skills.


Message History

Health restored: 28; MP restored: 9
Found Ehoogaod's Assorted Antiques.
There is a large open door here.
There is an entrance to Ehoogaod's Assorted Antiques here.
Unknown command.
You open the door.
There is an open door here.
o - a scroll labelled SIHIMO UFO NUI
d - 6 scrolls labelled XEUTON XEO (gained 1)
A goblin and a bat come into view.
There are monsters nearby!
There are monsters nearby!
You grow a pair of large bovine horns.
Your feet morph into talons.
You now have 8/9 mp.
The goblin shouts!
The bat hits you but does no damage.
Unknown command.
You hit the bat. The bat hits you but does no damage.
The bat barely misses you.
You barely miss the bat. You headbutt the bat, but do no damage.
The bat closely misses you. The bat closely misses you.
The bat barely misses you.
Unknown command.
You closely miss the bat. You claw the bat. The bat closely misses you. x2
You hit the bat.
You kill the bat!
You punch the goblin!
You kill the goblin!
You have reached level 4!
You feel agile.
Health restored: 34 No target in view!
No target in view!
Your horns disappear.
Your talons disappear.
Things that are here:
a +0 dagger; a goblin corpse
p - a glowing puce potion MP restored: 11
q - a scroll labelled CECSOP IFOEMO
There is an open door here.
There is an entrance to Ehoogaod's Assorted Antiques here.
There is a large open door here.
r - a +6 ring of strength You now have 153 gold pieces (gained 9).
d - 7 scrolls labelled XEUTON XEO (gained 1)
You now have 161 gold pieces (gained 8).
Found an ancient bone altar of Kikubaaqudgha.
P - 2 potions of lignification {!q} (gained 1)
You see here a +0 leather armour.
You now have 173 gold pieces (gained 12).
You see here a +0 leather armour.
You now have 180 gold pieces (gained 7).
An orc comes into view. It is wielding a +0 dagger.
An orc is nearby!
An orc is nearby!
An orc is nearby!
Okay, then.
You feel stronger.
r - a +6 ring of strength (left hand)
You start putting on your amulet.
You continue putting on your amulet of magic regeneration. x2
The orc shouts!
You hear a shout!
Keep equipping yourself?
You continue putting on your amulet of magic regeneration. x2
The orc priest shouts!
You continue putting on your amulet of magic regeneration.
The orc priest calls down the wrath of Beogh upon you.
Beogh smites you!
You finish putting on your amulet of magic regeneration.
j - an amulet of magic regeneration (around neck)
You take 9 damage, and have 25/34 hp.
MASSIVE DAMAGE!!
Your blood is infused with primal strength.
You now have 9/11 mp.
You grow a pair of large bovine horns.
Your feet morph into talons.
The orc priest mumbles some strange prayers to Beogh against you.
Beogh smites you!
You take 12 damage, and have 13/34 hp.
MASSIVE DAMAGE!!
You closely miss the orc. Your kick misses the orc. You bite the orc.
The orc hits you with a +0 dagger.
* * * LOW HITPOINT WARNING * * *
You take 3 damage, and have 10/34 hp.
The orc shouts!
You hit the orc. You claw the orc, but do no damage. You headbutt the orc.
You feel a bit better.
You kill the orc!
The orc priest looks braver for a moment.
You regained 2 hp, and now have 12/34 hp.
You hit the orc priest. You bite the orc priest.
Your transformation is almost over.
The orc priest hits you with a +0 mace.
The orc priest calls upon Beogh to heal the orc priest.
The orc priest is healed somewhat.
You take 1 damage, and have 11/34 hp.
You hit the orc priest. Your kick misses the orc priest.
You hit the orc priest. Your headbutt misses the orc priest.
The orc priest invokes the aid of Beogh against you.
Beogh smites you!
You die...

#. ... ## ... ##.
.o. #.8 #o# #.. #.#
∆ #.... #.# #.#..
#o# ...#.8 #@# .#
##. #.##### ##
#.#...# .
#.....############
###.....##...... .
#...#.P.##....## #
##...P....P.....####
#.........P.........
#..PP..#........####


You could see 2 orc priests and an orc.

Vanquished Creatures
  An adder (D:2)
  2 dart slugs (D:2)
  2 orcs (D:3)
  2 ball pythons (D:1)
  4 bats
  2 endoplasms (D:1)
  3 giant cockroaches
  6 goblins
  9 hobgoblins
  5 kobolds
  2 frilled lizards (D:1)
  2 rats
40 creatures vanquished.

Notes
Turn   | Place    | Note
-------+----------+-------------------------------------------
     0 | D:1      | OTABOTABOTAB the Gnoll Transmuter began the quest for the
                  | Orb.
     0 | D:1      | Reached XP level 1. HP: 17/17 MP: 6/6
   391 | D:1      | Reached XP level 2. HP: 23/23 MP: 5/7
   710 | D:1      | Learned a level 2 spell: Wereblood
   999 | D:2      | Reached skill level 5 in Spellcasting
   999 | D:2      | Reached XP level 3. HP: 28/28 MP: 6/9
  1292 | D:2      | Learned a level 3 spell: Spider Form
  1306 | D:2      | Reached skill level 1 in Invocations
  1346 | D:2      | Found a glowing silver altar of Zin.
  1549 | D:2      | Reached skill level 1 in Short Blades
  1549 | D:2      | Reached skill level 1 in Long Blades
  1549 | D:2      | Reached skill level 1 in Axes
  1549 | D:2      | Reached skill level 1 in Maces & Flails
  1549 | D:2      | Reached skill level 1 in Polearms
  1549 | D:2      | Reached skill level 1 in Staves
  1549 | D:2      | Reached skill level 1 in Ranged Weapons
  1549 | D:2      | Reached skill level 1 in Throwing
  1549 | D:2      | Reached skill level 1 in Armour
  1549 | D:2      | Reached skill level 1 in Stealth
  1549 | D:2      | Reached skill level 1 in Shields
  1549 | D:2      | Reached skill level 1 in Evocations
  1897 | D:3      | Found an opulent altar of Gozag.
  1942 | D:3      | Found Ehoogaod's Assorted Antiques.
  2045 | D:3      | Reached XP level 4. HP: 34/34 MP: 9/11
  2152 | D:3      | Found an ancient bone altar of Kikubaaqudgha.
  2201 | D:3      | Killed from afar by an orc priest

Illustrated notes

Levels and vault maps discovered:
D:1:      dpeg_arrival_pits, layout_loops_corners, minmay_misc_feat_rows
D:2:      layout_loops_ring, basic_altar, mrwooster_statue_mirror
D:3:      layout_loops_cross, grunt_gozag_statues, kiku_gazebo_garden_becter,
          serial_shops, nicolae_shop_hallway_stairs

Skill      XL: |  1  2  3 |
---------------+----------+-----
Spellcasting   | 5 |  5.0
Invocations    | 1 |  1.1
Short Blades   | 1 |  1.0
Long Blades    | 1 |  1.0
Axes           | 1 |  1.0
Maces & Flails | 1 |  1.0
Polearms       | 1 |  1.0
Staves         | 1 |  1.0
Ranged Weapons | 1 |  1.0
Throwing       | 1 |  1.0
Armour         | 1 |  1.0
Stealth        | 1 |  1.0
Shields        | 1 |  1.0
Evocations     | 1 |  1.0
Fighting       | |  2.7
Dodging        | |  4.6
Unarmed Combat | |  6.6
Conjurations   | |  0.8
Hexes          | |  0.8
Summonings     | |  0.8
Necromancy     | |  0.8
Translocations | |  0.8
Transmutations | |  3.8
Fire Magic     | |  0.8
Ice Magic      | |  0.8
Air Magic      | |  0.8
Earth Magic    | |  0.8
Poison Magic   | |  0.8

Action                   |  1- 3 |  4- 6 || total
-------------------------+-------+-------++-------
Melee: Unarmed           |    99 |     5 ||   104
       Kick              |    16 |     1 ||    17
       Bite              |     5 |     2 ||     7
       Headbutt          |    14 |     1 ||    15
       Punch             |     3 |       ||     3
Throw: Stone             |     4 |       ||     4
 Cast: Beastly Appendage |    22 |     1 ||    23
       Wereblood         |       |     1 ||     1
 Abil: End Transformatio |     2 |     1 ||     3
 Stab: Sleeping          |     1 |       ||     1
Armor: Robe              |    13 |       ||    13
Dodge: Dodged            |    58 |       ||    58

Table legend: (Time is in decaauts)
 A = Elapsed time spent in this place.
 B = Non-inter-level travel time spent in this place.
 C = Inter-level travel time spent in this place.
 D = Time resting spent in this place.
 E = Time spent auto-exploring this place.
 F = Levels seen in this place.
 G = Mean time per level.
                   A        B        C        D        E       F      G
               +--------+--------+--------+--------+--------+-----+--------+
         Total |   2188 |   2115 |     73 |      0 |   1834 |   3 |  729.3 |
       Dungeon |   2188 |   2115 |     73 |      0 |   1834 |   3 |  729.3 |
               +--------+--------+--------+--------+--------+-----+--------+

Top non-repeatable levels by time:
     D:1: 981 daAuts
     D:2: 747 daAuts
     D:3: 459 daAuts

Table legend:
 A = Kills in this place as a percentage of kills in entire the game.
 B = Kills by you in this place as a percentage of kills by you in the entire game.
 C = Kills by friends in this place as a percentage of kills by friends in the entire game.
 D = Other kills in this place as a percentage of other kills in the entire game.
 E = Experience gained in this place as a percentage of experience gained in the entire game.
 F = Experience gained in this place divided by the number of levels of this place that you have seen.
                   A       B       C       D       E      F
               +-------+-------+-------+-------+-------+----------------------
         Total | 100.0 | 100.0 |   N/A |   N/A | 100.0 |  28.3
       Dungeon | 100.0 | 100.0 |   N/A |   N/A | 100.0 |  28.3
               +-------+-------+-------+-------+-------+----------------------
